 Dungeon Crawl Stone Soup version 0.31-a0-188-g5e087ee2ca (webtiles) character file.

Game seed: 4645315830538865776

267 qw the Skirmisher (level 6, -2/36 HPs)
             Began as a Deep Elf Hunter on June 23, 2023.
             Succumbed to a water moccasin's poison
             ... on level 6 of the Dungeon.
             The game lasted 00:00:51 (2335 turns).

qw the Skirmisher (Deep Elf Hunter)                 Turns: 2335, Time: 00:00:51

Health: -2/36      AC:  5    Str: 10    XL:     6   Next: 0%
Magic:  8/8        EV: 11    Int: 14    God:
Gold:   96         SH:  0    Dex: 18    Spells: 5/5 levels left

rFire   . . .        Y - +0 shortbow
rCold   . . .        (shield currently unavailable)
rNeg    . . .        g - +0 ring mail
rPois   .            (no helmet)
rElec   .            (no cloak)
rCorr   .            (no gloves)
SInv    .            (no boots)
Will    .....        (no amulet)
Stlth   +            (no ring)
HPRegen 0.26/turn    (no ring)
MPRegen 0.11/turn

%: no passive effects
@: lethally poisoned (-2 -> -13)
A: no striking features
a: no special abilities


You were on level 6 of the Dungeon.
You visited 1 branch of the dungeon, and saw 4 of its levels.

You collected 96 gold pieces.


   Skills:
 - Level 2.6 Fighting
 + Level 9.0 Ranged Weapons
 - Level 2.4 Dodging
 - Level 1.2 Stealth


You had 5 spell levels left.
You didn't know any spells.
Your spell library was empty.

Inventory:

Hand Weapons
 Y - a +0 shortbow (weapon)
Armour
 g - a +0 ring mail (worn)
Potions
 a - a potion of lignification {unknown}
 b - a potion of curing {unknown}

Dungeon Overview and Level Annotations

Branches:
Dungeon (3/15)

Altars:


Message History

A water moccasin comes into view.
You shoot an arrow. The water moccasin hisses angrily.
The arrow hits the bullfrog but does no damage.
The bullfrog is almost dead.
The bullfrog hits you.
You shoot an arrow. The arrow hits the bullfrog!
You kill the bullfrog!
Your Fighting skill increases to level 2!
You have reached level 6!
You shoot an arrow. The arrow hits the water moccasin.
The water moccasin is lightly wounded.
You shoot an arrow. The arrow hits the water moccasin.
The water moccasin is lightly wounded.
You shoot an arrow. The arrow misses the water moccasin.
The water moccasin bites you but does no damage.
The water moccasin bites you.
You are poisoned.
The water moccasin poisons you!
You shoot an arrow. The arrow misses the water moccasin.
You feel very sick. The water moccasin bites you.
You are lethally poisoned!
The water moccasin poisons you!
You shoot an arrow. The arrow misses the water moccasin.
You feel very sick.
The water moccasin bites you but does no damage.
You shoot an arrow.
The arrow barely misses the water moccasin.
You feel very sick. The water moccasin closely misses you.
The water moccasin bites you but does no damage.
You shoot an arrow.
The arrow hits the water moccasin but does no damage.
The water moccasin is lightly wounded.
You feel very sick. The water moccasin closely misses you.
You shoot an arrow. The arrow hits the water moccasin!
The water moccasin is moderately wounded.
You die...

...#......#
#..##.......##
##............#
.#......#...#..#
.......
##..#..##
.....). #......#
.......
###....##
##.....##...####
#......@....###
......S%......#
#.............#
#.............#
.............##
.............#
.............#
.....##......#
##...8..


You could see a water moccasin.

Vanquished Creatures
  A bullfrog (D:6)
  Natasha (thrice) (D:2)
  9 adders
  10 ball pythons
  7 endoplasms
  4 giant cockroaches
  5 goblins
  A hobgoblin (D:1)
  5 kobolds
  3 quokkas
  3 bats
  2 frilled lizards (D:1)
  A rat (D:1)
54 creatures vanquished.

Notes
Turn   | Place    | Note
-------+----------+-------------------------------------------
     0 | D:1      | qw the Deep Elf Hunter began the quest for the Orb.
     0 | D:1      | Reached XP level 1. HP: 12/12 MP: 3/3
     0 | D:1      | 0 ||| qw: Version: 0.3-a-9-g12657ce
     0 | D:1      | 0 ||| qw: Game counter: 3128
     0 | D:1      | 0 ||| qw: Always use a shield: true
     0 | D:1      | 0 ||| qw: God list: Okawaru
     0 | D:1      | 0 ||| qw: Allow faded altars: false
     0 | D:1      | 0 ||| qw: Do Orc after D:15 true
     0 | D:1      | 0 ||| qw: Do second Lair branch before Depths: true
     0 | D:1      | 0 ||| qw: Lair rune preference: random
     0 | D:1      | 0 ||| qw: Plans: Normal
     0 | D:1      | 0 ||| PLANNING D:1-11
   227 | D:1      | Reached skill level 6 in Ranged Weapons
   227 | D:1      | Reached XP level 2. HP: 10/16 MP: 4/4
   900 | D:1      | 900 ||| UPGRADING to +0 ring mail.
   910 | D:1      | 910 ||| DROPPING +0 leather armour.
   911 | D:1      | 911 ||| READING scroll labelled JUANIERIUL.
   912 | D:1      | 912 ||| READING scroll labelled HANEMIA XINK.
   913 | D:1      | 913 ||| READING scroll labelled HADDAR UQEP.
   914 | D:1      | 914 ||| READING scroll labelled VOCVIU PAEKK.
   915 | D:1      | 915 ||| READING scroll labelled BATAAV QODWAR.
  1016 | D:1      | 1016 ||| DROPPING scroll of butterflies.
  1086 | D:2      | Reached XP level 3. HP: 20/20 MP: 5/5
  1383 | D:2      | Reached skill level 7 in Ranged Weapons
  1472 | D:2      | Reached XP level 4. HP: 25/25 MP: 6/6
  1599 | D:2      | Noticed Natasha
  1605 | D:2      | Killed Natasha
  1606 | D:2      | Reached skill level 8 in Ranged Weapons
  1696 | D:2      | Noticed Natasha
  1706 | D:2      | Killed Natasha
  1886 | D:2      | Reached XP level 5. HP: 29/29 MP: 7/7
  1932 | D:2      | Noticed Natasha
  1943 | D:2      | Killed Natasha
  2227 | D:2      | Reached skill level 9 in Ranged Weapons
  2227 | D:2      | 2227 ||| READING scroll labelled RUJI MITYL.
  2255 | D:3      | 2255 ||| PLANNING SEWER
  2282 | D:3      | You fall into a shaft and drop 3 floors!
  2325 | D:6      | Noticed a water moccasin
  2328 | D:6      | Reached XP level 6. HP: 20/36 MP: 8/8
  2332 | D:6      | HP: 8/36 [poisoned by a water moccasin]
  2334 | D:6      | HP: 1/36 [poisoned by a water moccasin]
  2335 | D:6      | Succumbed to a water moccasin's poison

Levels and vault maps discovered:
D:1:      psy_arrival_basics, layout_loops_corners, grunt_decor_cap,
          st_stairs_10
D:2:      layout_basic, minmay_snake_closets, uniq_natasha
D:3:      layout_basic, mainiacjoe_overflow_tiny_flanked,
          mainiacjoe_overflow_chevrons, cheibrodos_sewer_entry_sluice,
          minmay_ruptured
D:6:      layout_cave_pools, nicolae_overflow_two_pavilions, serial_shops,
          nicolae_stop_n_shop_2, uniq_menkaure

Skill      XL: |  1  2  3  4  5 |
---------------+----------------+-----
Ranged Weapons | 6 7 8 9 |  9.0
Fighting       | 2 |  2.6
Dodging        | |  2.4
Stealth        | |  1.2

Action                     |  1- 3 |  4- 6 || total
---------------------------+-------+-------++-------
   Fire: Shortbow          |   107 |   103 ||   210
    Use: Scroll            |     5 |     1 ||     6
 Armour: Leather armour    |     7 |       ||     7
         Ring mail         |    10 |    28 ||    38
  Dodge: Dodged            |    33 |    37 ||    70

Table legend:
 A = Non-vault XP
 B = Vault XP
 C = Vault XP percentage of total XP
 D = Non-vault monster count
 E = Vault monster count
 F = Vault count percentage of total count
                 A         B        C        D         E       F
            +---------+---------+-------+---------+---------+-------
      Total |     246 |     136 |  35.6 |      40 |      14 |  25.9
            +---------+---------+-------+---------+---------+-------
        D:1 |      38 |       2 |   5.0 |      22 |       2 |   8.3
        D:2 |     101 |     134 |  57.0 |      14 |      12 |  46.2
        D:3 |       4 |       0 |   0.0 |       2 |       0 |   0.0
        D:6 |     103 |       0 |   0.0 |       2 |       0 |   0.0
            +---------+---------+-------+---------+---------+-------
